 Dungeon Crawl Stone Soup version 0.30-a0-335-ge5acde7520 (webtiles) character file.

Game seed: 12594166691411240978

5583 Lanoc the Geomancer (level 10, -1/81 HPs)
             Began as a Troll Earth Elementalist on Oct 30, 2022.
             Was a Believer of Qazlal.
             Slain by an orc warrior
             ... wielding a +0 war axe
              (16 damage)
             ... in a bailey.
             The game lasted 00:21:31 (10071 turns).

Lanoc the Geomancer (Troll Earth Elementalist)     Turns: 10071, Time: 00:21:32

Health: -1/81      AC: 10    Str: 18    XL:     10   Next: 44%
Magic:  5/10       EV: 12    Int: 21    God:    Qazlal [**....]
Gold:   127        SH:  3    Dex: 10    Spells: 8/11 levels left

rFire   + . .      SeeInvis .    (no weapon)
rCold   + . .      Faith    .    (no shield)
rNeg    . . .      Spirit   .    a - +0 robe
rPois   +          Reflect  .    (helmet restricted)
rElec   +          Harm     .    r - +1 cloak
rCorr   +          Rampage  .    (gloves unavailable)
Will    .....                    (boots unavailable)
Stlth   +.........               (no amulet)
HPRegen 1.13/turn                g - +4 ring of protection
MPRegen 0.12/turn                m - +6 ring of intelligence

@: resistant, weak-willed, hasted, invisible, very quick
A: large, unfitting armour, claws 3, regeneration 1, shaggy fur 1, tough skin 1
a: Renounce Religion, Upheaval


You were in a bailey.
You worshipped Qazlal.
Qazlal was pleased with you.
You visited 2 branches of the dungeon, and saw 10 of its levels.
You also visited: Sewer and Bailey.

You collected 471 gold pieces.
You spent 344 gold pieces at shops.

Inventory:

Missiles
 o - a throwing net
 C - a curare-tipped dart
Armour
 a - a +0 robe (worn)
 r - a +1 cloak (worn)
Jewellery
 g - a +4 ring of protection (left claw)
 m - a +6 ring of intelligence (right claw)
 n - a ring of poison resistance
Wands
 k - a wand of quicksilver (7)
 F - a wand of digging (7)
Scrolls
 c - 2 scrolls of torment
 e - 2 scrolls of enchant armour
 i - a scroll of magic mapping
 j - 3 scrolls of vulnerability
 q - a scroll of enchant weapon
 w - a scroll of poison
 B - a scroll of amnesia
Potions
 b - a potion of magic
 h - 2 potions of flight
 p - a potion of attraction
 s - 2 potions of might
 u - a potion of cancellation
 v - a potion of haste
 x - 4 potions of mutation
 z - a potion of invisibility


   Skills:
 + Level 7.8 Dodging
 - Level 1.0 Stealth
 - Level 1.2 Spellcasting
 - Level 0.6 Transmutations
 * Level 12.1 Earth Magic


You had 8 spell levels left.
You knew the following spells:

 Your Spells              Type           Power      Damage    Failure   Level
a - Sandblast             Erth           100%       2d20      1%          1
b - Passwall              Tmut/Erth      22%        N/A       1%          2

Your spell library contained the following spells:

 Spells                   Type           Power      Damage    Failure   Level
 Stone Arrow              Conj/Erth      52%        3d10      4%          3
 Petrify                  Tmut/Erth      27%        N/A       12%         4
 Kiss of Death            Conj/Necr      4%         2d5       16%         1
 Necrotise                Necr           4%         1d4       16%         1
 Confusing Touch          Hex            1%         N/A       43%         3
 Dazzling Flash           Conj/Hex       2%         N/A       43%         3
 Inner Flame              Hex/Fire       1%         N/A       43%         3
 Tukima's Dance           Hex            1%         N/A       43%         3
 Vampiric Draining        Necr           1%         2d6       43%         3
 Cause Fear               Hex            0%         N/A       85%         4
 Dispel Undead            Necr           1%         3d6       85%         4
 Passage of Golubria      Tloc           1%         N/A       85%         4
 Yara's Violent Unravell  Hex/Tmut       1%         3d3       98%         5
 Agony                    Necr           1%         N/A       99%         5
 Silence                  Hex/Air        0%         N/A       99%         5
 Discord                  Hex            0%         N/A       100%        8


Dungeon Overview and Level Annotations

Branches:
Dungeon (9/15)             Temple (1/1) D:6            Lair (0/5) D:9
  Sewer (visited)          Bailey (1/1)
    Orc: D:9-12

Altars:
Ashenzari
Cheibriados
Dithmenos
Elyvilon
Fedhas
Gozag
Hepliaklqana
Kikubaaqudgha
Makhleb
Nemelex Xobeh
Okawaru
Qazlal
Ru
Sif Muna
Trog
Uskayaw
Vehumet
Wu Jian
Xom
Zin
The Shining One

Shops:
D:3 !   D:7 =*[   D:9 (

Annotations:
D:3 2 transporters
D:5 2 runed translucent doors, Tenar's ghost, novice DgCj


Innate Abilities, Weirdness & Mutations

You are too large for most types of armour.
You have claws for hands.
Your natural rate of healing is unusually fast.
You are covered in fur. (AC +1)
You have tough skin. (AC +1)


Message History

The orc warrior is almost dead.
Qazlal accepts your kill.
You feel a bit more experienced.
The orc is struck by lightning.
You kill the orc!
Qazlal accepts your kill. You block the orc warrior's attack.
The goblin hits you with a +0 hand axe. The orc hits you with a +0 hand axe.
The orc misses you. The goblin barely misses you.
The orc warrior hits you with a +0 war axe!
* * * LOW HITPOINT WARNING * * *
The orc hits you but does no damage. The orc hits you with a +0 hand axe.
* * * LOW HITPOINT WARNING * * *
The goblin attacks as you move away! The goblin hits you with a +0 war axe.
* * * LOW HITPOINT WARNING * * *
The orc warrior attacks as you move away!
The orc warrior completely misses you. The orc hits you with a +0 hand axe.
* * * LOW HITPOINT WARNING * * *
You feel better. You block the hobgoblin's attack.
The goblin hits you with a +0 war axe!
* * * LOW HITPOINT WARNING * * *
The orc hits you but does no damage.
You feel better. The hobgoblin completely misses you.
The goblin closely misses you. The orc hits you with a +0 hand axe.
* * * LOW HITPOINT WARNING * * *
You feel yourself speed up. You block the goblin's attack.
The hobgoblin misses you. The orc warrior completely misses you.
The orc closely misses you.
You feel better. The goblin hits you with a +0 hand axe.
* * * LOW HITPOINT WARNING * * *
The hobgoblin hits you with a +0 hand axe.
* * * LOW HITPOINT WARNING * * *
The goblin barely misses you. The orc warrior closely misses you.
You block the goblin's attack. The orc hits you but does no damage.
You feel protected. The goblin hits you but does no damage.
You fade into invisibility!
You block the goblin's attack. You block the hobgoblin's attack.
The goblin misses you.
The orc warrior hits you with a +0 war axe!
You die...

## # #
##+####
##.....##
#.o.....#
##@o°....## #
#gggg.....# #
#.ggo.)...#
##
#.....⌠.....#
#.
##.........##
8 ##
#.........#
... #
##.......##
.....#
#.......'.
....og
##.....##..
....o§


You could see an orc warrior (unable to see you), a gnoll (unable to see you), 2
orcs, a hobgoblin (unable to see you) and 4 goblins.

Vanquished Creatures
  A two-headed ogre (D:7)
  A wyvern (D:8)
  A steam dragon (D:7)
  Edmund (D:6)
  Menkaure (D:7)
  A water moccasin (D:4)
  A black bear (D:6)
  3 sky beasts
  An ice beast (D:6)
  5 orc warriors (Bailey)
  An ogre (D:6)
  6 centaurs
  2 phantoms
  10 kobold brigands
  3 bullfrogs
  A necrophage (D:4)
  3 scorpions (D:5)
  8 killer bees
  5 orc priests
  3 gnoll boudas
  Crazy Yiuf (D:2)
  2 hounds
  6 iguanas
  7 orc wizards
  Natasha (thrice) (D:2)
  Robin (D:4)
  17 adders
  20 gnolls
  A river rat (D:6)
  A shadow imp (D:7)
  2 white imps
  3 ufetubi
  7 worms
  5 dart slugs
  21 orcs
  8 endoplasms
  3 giant cockroaches
  16 goblins
  9 hobgoblins
  5 jackals
  3 quokkas
  13 ball pythons
  4 bats
  5 frilled lizards
  17 kobolds
  9 rats
247 creatures vanquished.

Vanquished Creatures (others)
  A demonic plant (D:9)
  13 fungi
  9 plants (D:9)
23 creatures vanquished.

Grand Total: 270 creatures vanquished

Notes
Turn   | Place    | Note
-------+----------+-------------------------------------------
     0 | D:1      | Lanoc the Troll Earth Elementalist began the quest for the
                  | Orb.
     0 | D:1      | Reached XP level 1. HP: 16/16 MP: 1/1
   196 | D:1      | Reached skill level 3 in Earth Magic
   608 | D:1      | Reached XP level 2. HP: 24/24 MP: 0/2
  1137 | D:2      | Found a runed translucent door.
  1138 | D:2      | Noticed Crazy Yiuf
  1320 | D:2      | Reached XP level 3. HP: 25/31 MP: 0/3
  1536 | D:2      | Noticed Natasha
  1540 | D:2      | Killed Natasha
  1683 | D:2      | Reached skill level 4 in Earth Magic
  1742 | D:2      | Learned a level 2 spell: Passwall
  1745 | D:2      | Reached XP level 4. HP: 39/39 MP: 2/4
  1888 | D:2      | Noticed Natasha
  1904 | D:2      | Killed Natasha
  2107 | D:2      | Killed Crazy Yiuf
  2328 | D:3      | Reached XP level 5. HP: 45/45 MP: 2/5
  2410 | D:3      | Found Ujovupt's Distillery.
  2460 | D:3      | Bought a potion of curing for 33 gold pieces
  2460 | D:3      | Bought a potion of degeneration for 11 gold pieces
  2483 | D:3      | Found a transporter.
  2627 | D:3      | Found a transporter.
  2856 | D:3      | Reached skill level 5 in Earth Magic
  2884 | D:2      | Noticed Natasha
  2887 | D:2      | Killed Natasha
  2955 | D:2      | Reached XP level 6. HP: 47/53 MP: 0/6
  3736 | D:4      | Found a glowing silver altar of Zin.
  3736 | D:4      | Found a glowing golden altar of the Shining One.
  3736 | D:4      | Found a hazy altar of Hepliaklqana.
  3743 | D:4      | Reached skill level 6 in Earth Magic
  3873 | D:4      | Reached XP level 7. HP: 26/59 MP: 0/7
  4144 | D:4      | Noticed Robin
  4156 | D:4      | Killed Robin
  4533 | D:5      | Entered Level 5 of the Dungeon
  4630 | D:4      | Reached skill level 7 in Earth Magic
  4651 | D:5      | Reached XP level 8. HP: 63/67 MP: 0/8
  5051 | D:5      | Found a large runed translucent door.
  5052 | D:5      | Found a large runed translucent door.
  5054 | D:5      | Noticed Tenar's ghost (novice DgCj)
  5208 | D:6      | Found a staircase to the Ecumenical Temple.
  5212 | D:6      | Reached skill level 5 in Dodging
  5212 | D:6      | Reached skill level 8 in Earth Magic
  5278 | D:6      | Noticed Edmund
  5321 | D:6      | Killed Edmund
  5391 | D:6      | Found a glowing drain.
  5420 | Sewer    | Entered a sewer
  5618 | Sewer    | Reached skill level 9 in Earth Magic
  5865 | Sewer    | Reached XP level 9. HP: 74/74 MP: 2/9
  6823 | D:6      | Reached skill level 10 in Earth Magic
  6857 | Temple   | Entered the Ecumenical Temple
  6977 | Temple   | Became a worshipper of Qazlal Stormbringer
  7731 | D:7      | Found Posyeg's Armour Boutique.
  7770 | D:7      | Found Suodar's Assorted Antiques.
  7778 | D:7      | Bought a potion of heal wounds for 150 gold pieces
  7778 | D:7      | Bought a potion of heal wounds for 150 gold pieces
  8122 | D:7      | Reached * piety under Qazlal
  8210 | D:7      | Noticed Menkaure
  8212 | D:7      | Killed Menkaure
  8213 | D:7      | Reached skill level 11 in Earth Magic
  8292 | D:7      | Found Ythrysajum's Armour Boutique.
  8404 | D:7      | Found Xanoics's Jewellery Shoppe.
  8808 | D:8      | Noticed a two-headed ogre
  8876 | D:8      | Reached XP level 10. HP: 42/81 MP: 5/10
  8900 | D:8      | Found an ancient bone altar of Kikubaaqudgha.
  8941 | D:8      | Found a radiant altar of Vehumet.
  9027 | D:7      | Killed a two-headed ogre
  9112 | D:8      | Identified the +1 ring mail of Baufrete {rCorr Slay+3}
  9205 | D:8      | Found a blossoming altar of Fedhas.
  9256 | D:8      | Reached ** piety under Qazlal
  9514 | D:8      | Found a shimmering blue altar of Sif Muna.
  9687 | D:9      | Noticed an orange demon
  9692 | D:9      | HP: 4/81 [centaur/arrow (12)]
  9693 | D:9      | Found Cudanlim's Firing Range.
  9700 | D:9      | Noticed a sixfirhy
  9724 | D:9      | Found a flagged portal.
  9733 | Bailey   | Entered a bailey
  9937 | Bailey   | Reached skill level 12 in Earth Magic
 10043 | Bailey   | Noticed an orc knight
 10045 | Bailey   | Noticed an orc knight
 10071 | Bailey   | Slain by an orc warrior

Illustrated notes

Levels and vault maps discovered:
D:1:      roderic_dead_forest, layout_basic, corner_web_ring,
          chequers_serial_rivers_small_b, hangedman_decor_push,
          minmay_misc_feat_tiny
D:2:      layout_basic, serial_glass, glass_columns_a, glass_columns_c,
          uniq_crazy_yiuf_cottage, uniq_natasha
D:3:      gammafunk_steamed_eel, layout_loops_ring, serial_shops, shop
D:4:      minmay_wonky_spiral, layout_basic, gammafunk_temple_overflow_claw,
          minmay_strange_pillars, st_stairs_10, uniq_robin
D:5:      layout_rooms, ebering_ghost_disaster_area
D:6:      layout_loops_ring, minmay_temple_entry_tees,
          lightli_sewer_entry_pipes, chequers_serial_rivers_micro_a,
          st_stairs_12, roderic_three_in_a_row, kennysheep_small_spiral,
          uniq_edmund
D:7:      layout_basic, serial_shops, shop, nicolae_shop_advertising_works
          [nicolae_subvault_shop_adworks], shop, shop,
          kennysheep_decorative_pillar, uniq_menkaure
D:8:      layout_cave_pools, palyth_temple_overflow_mages,
          mainiacjoe_overflow_tiny_flanked, kennysheep_generic_room_11
D:9:      minmay_bubble_buster, layout_cave_pools,
          grunt_lair_entry_orc_guard_hut, serial_demonic, serial_demonic_e,
          serial_demonic_a, serial_demonic_b, serial_demonic_b,
          serial_demonic_b, enter_bailey_2, nicolae_shop_firing_range
Temple:   nicolae_temple_superstar
Bailey:   bailey_axe_minmay_hex_keep, bailey

Skill      XL: |  1  2  3  4  5  6  7  8  9 10 |
---------------+-------------------------------+-----
Earth Magic    | 3 4 5 6 7 9 11 12 | 12.1
Dodging        | 2 3 4 5 7 |  7.8
Stealth        | |  1.0
Spellcasting   | |  1.2
Transmutations | |  0.6

Action                   |  1- 3 |  4- 6 |  7- 9 | 10-12 || total
-------------------------+-------+-------+-------+-------++-------
Melee: Unarmed           |    51 |    41 |   113 |     5 ||   210
       Punch             |     2 |     1 |     1 |       ||     4
 Cast: Sandblast         |    29 |    96 |   228 |    84 ||   437
  Use: Potion            |       |     2 |     2 |    13 ||    17
       Scroll            |       |       |    12 |    13 ||    25
Armor: Robe              |    21 |    61 |   126 |    46 ||   254
       Skin              |       |       |    12 |       ||    12
Dodge: Dodged            |    32 |    70 |   126 |    93 ||   321
Block: Other             |       |       |     1 |    19 ||    20

Table legend: (Time is in decaauts)
 A = Elapsed time spent in this place.
 B = Non-inter-level travel time spent in this place.
 C = Inter-level travel time spent in this place.
 D = Time resting spent in this place.
 E = Time spent auto-exploring this place.
 F = Levels seen in this place.
 G = Mean time per level.
                   A        B        C        D        E       F      G
               +--------+--------+--------+--------+--------+-----+--------+
         Total |  10478 |  10090 |    388 |    226 |   8106 |  12 |  873.2 |
       Dungeon |   8799 |   8444 |    355 |    174 |   6852 |   9 |  977.7 |
        Temple |    126 |     93 |     33 |      0 |     61 |   1 |  126.0 |
         Sewer |   1204 |   1204 |      0 |      0 |    985 |   1 | 1204.0 |
        Bailey |    349 |    349 |      0 |     51 |    208 |   1 |  349.0 |
               +--------+--------+--------+--------+--------+-----+--------+

Top non-repeatable levels by time:
     D:7: 1400 daAuts
     D:2: 1356 daAuts
     D:4: 1272 daAuts
   Sewer: 1204 daAuts
     D:6: 1196 daAuts
     D:3: 1016 daAuts
     D:1: 989 daAuts
     D:8: 829 daAuts
     D:5: 676 daAuts
  Bailey: 349 daAuts
  Temple: 126 daAuts
     D:9: 62 daAuts
